 Dungeon Crawl Stone Soup version 0.19-a0-1815-g4007336 (webtiles) character file.

16 KarmaPolice the Grasshopper (level 2, 0/19 HPs)
             Began as a High Elf Warper on Oct 6, 2016.
             Slain by a goblin
             ... wielding a +0 dagger
              (2 damage)
             ... on level 1 of the Dungeon.
             The game lasted 00:02:33 (866 turns).

KarmaPolice the Grasshopper (High Elf Warper)        Turns: 866, Time: 00:02:35

Health: 0/19       AC:  3    Str: 10    XL:     2   Next: 41%
Magic:  6/6        EV: 12    Int: 16    God:
Gold:   28         SH:  0    Dex: 14    Spells: 1 memorised, 4 levels left

rFire  . . .     SeeInvis .     a - +0 falchion
rCold  . . .     Gourm    .     b - +0 leather armour
rNeg   . . .     Faith    .     (no shield)
rPois  .         Spirit   .     (no helmet)
rElec  .         Dismiss  .     (no cloak)
rCorr  .         Reflect  .     (no gloves)
MR     .....     Harm     .     (no boots)
Stlth  +.........               (no amulet)
                                (no ring)
                                (no ring)

@: no status effects
A: no striking features
a: no special abilities


You were on level 1 of the Dungeon.
You were not hungry.

You visited 1 branch of the dungeon, and saw 1 of its levels.

You collected 28 gold pieces.

Inventory:

Hand Weapons
 a - a +0 falchion (weapon)
Missiles
 e - 5 tomahawks of dispersal (quivered)
Armour
 b - a +0 leather armour (worn)
Scrolls
 d - a scroll of blinking
 g - a scroll of identify {unknown}
 i - a scroll of magic mapping {unknown}
 j - 3 scrolls of remove curse {unknown}
 n - a scroll of noise {unknown}
Potions
 h - a potion of flight {unknown}
 l - a potion of brilliance {unknown}
 o - a potion of heal wounds {unknown}
Books
 c - a book of Spatial Translocations

   Spells                             Type                      Level
   a - Blink                          Translocation                2
   b - Shroud of Golubria             Charms/Translocation         2
   c - Lesser Beckoning               Translocation                3
   d - Portal Projectile              Translocation                3
   e - Teleport Other                 Translocation                3
   f - Passage of Golubria            Translocation                4
Comestibles
 f - a bread ration
 k - a beef jerky


   Skills:
 + Level 2.1 Fighting
 + Level 3.0 Long Blades
 - Level 1.0 Throwing
 - Level 0.8 Armour
 + Level 2.4 Dodging
 + Level 2.8 Spellcasting
 - Level 3.2 Translocations


You had 4 spell levels left.
You knew the following spells:

 Your Spells              Type           Power        Failure   Level  Hunger
a - Shroud of Golubria    Chrm/Tloc      #.........   24%         2    ##.....


Dungeon Overview and Level Annotations

Branches:
Dungeon (1/15)

Altars:


Message History

You hit the bat.
You kill the bat!
A goblin comes into view. It is wielding a dagger.
The goblin shouts!
The dart slug launches a dart at you. The slug dart hits you!
The goblin hits you with a dagger. The dart slug bites you.
You hit the dart slug.
The dart slug is heavily wounded.
The goblin hits you with a dagger.
* * * LOW HITPOINT WARNING * * *
The dart slug closely misses you.
You hit the dart slug.
The dart slug is severely wounded.
The goblin hits you with a dagger.
* * * LOW HITPOINT WARNING * * *
The dart slug bites you.
* * * LOW HITPOINT WARNING * * *
The goblin hits you with a dagger.
You die...

### #.# .. ...### #.#
#.#.#.#.#.## #.#
#..........# #.#
#.#.......## ###.##
#.....>....# .....#
#.#.......## ##..##
#..g.w.....# .....#
#.#.@.....#
##..#########..........#
..............#.#.#.#.##
##..#.....###.####..#
..........# #.# .##
....#.....# #.# .#
##..#.##.## #.# #
....#.##.# #.#
....#.##.# #.# .#


You could see a dart slug and a goblin.

Vanquished Creatures
  4 bats (D:1)
  2 goblins (D:1)
  3 hobgoblins (D:1)
  A frilled lizard (D:1)
  4 kobolds (D:1)
  2 rats (D:1)
16 creatures vanquished.

Notes
Turn   | Place    | Note
-------+----------+-------------------------------------------
     0 | D:1      | KarmaPolice the High Elf Warper began the quest for the Orb.
     0 | D:1      | Reached XP level 1. HP: 14/14 MP: 4/4
   213 | D:1      | Reached XP level 2. HP: 10/19 MP: 6/6
   689 | D:1      | Learned a level 2 spell: Shroud of Golubria
   866 | D:1      | Slain by a goblin

Vault maps used:
D:1:      saegor_arrival_simple_b, st_stairs_4, minmay_misc_feat_tower

Skill      XL: |  1  2 |
---------------+-------+-----
Long Blades    | 3 |  3.0
Fighting       | |  2.1
Throwing       | |  1.0
Armour         | |  0.8
Dodging        | |  2.4
Spellcasting   | |  2.8
Translocations | |  3.2

Action                   || total
-------------------------++-------
Melee: Falchion          ||    46
Armor: Leather armour    ||    15
Dodge: Dodged            ||    31
       Rpst.: Falchion   ||     8
